 Dungeon Crawl Stone Soup version 0.28.0 (webtiles) character file.

Game seed: 1394730961025333341

122389 SnakkuSnakku7 the Brawler (level 16, -2/134 HPs)
             Began as a Ghoul Delver on Feb 6, 2022.
             Was the Champion of Lugonu.
             Slain by a moth of wrath simulacrum (8 damage)
             ... on level 2 of the Lair of Beasts.
             The game lasted 00:51:29 (29057 turns).

SnakkuSnakku7 the Brawler (Ghoul Delver)           Turns: 29057, Time: 00:51:30

Health: -2/134     AC: 33    Str: 27    XL:     16   Next: 87%
Magic:  24/24      EV:  9    Int:  5    God:    Lugonu [******]
Gold:   1779       SH: 17    Dex: 16    Spells: 15/15 levels left

rFire   . . .      SeeInvis .     - Unarmed
rCold   + + .      Faith    .   a - +0 tower shield
rNeg    + + +      Spirit   .   h - +6 plate armour "Rayt" {rC+ rN+++ Str+3 Dex+3}
rPois   ∞          Reflect  .   E - +2 helmet
rElec   .          Harm     .   g - +1 cloak {rCorr}
rCorr   +          Rampage  .   w - +2 pair of gloves {Dex+3}
Will    +....                   J - +2 pair of boots {Stlth+}
Stlth   ..........              i - amulet of regeneration
HPRegen 0.00/turn               d - +4 ring of slaying
MPRegen 0.19/turn               n - +4 ring of slaying

@: inhibited regen
A: claws 1, cold resistance 1, negative energy resistance 3, inhibited
regeneration, torment resistance 2
a: Renounce Religion, Depart the Abyss, Bend Space, Banish, Corrupt, Enter the
Abyss, Brand Weapon With Distortion


You were on level 2 of the Lair of Beasts.
You worshipped Lugonu.
Lugonu was exalted by your worship.
You visited 4 branches of the dungeon, and saw 24 of its levels.
You also visited: Ossuary, Gauntlet and Volcano.

You collected 2860 gold pieces.
You spent 1081 gold pieces at shops.

Inventory:

Armour
 a - a +0 tower shield (worn)
 g - a +1 cloak of preservation (worn)
 h - the +6 plate armour "Rayt" (worn) {rC+ rN+++ Str+3 Dex+3}
   (You took it off a minotaur in a Gauntlet)

   Str:       It affects your strength (+3).
   Dex:       It affects your dexterity (+3).
   rC:        It protects you from cold.
   rN:        It renders you almost immune to negative energy.
 w - a +2 pair of gloves of dexterity (worn)
 D - a +0 kite shield
 E - a +2 helmet (worn)
 J - a +2 pair of boots of stealth (worn)
Jewellery
 d - a +4 ring of slaying (left hand)
 i - an amulet of regeneration (around neck)
 l - a ring of willpower
 n - a +4 ring of slaying (right hand)
 C - a ring of flight
 H - the ring "Bucaas" {rF+ Dex+4}
   (You found it in a Gauntlet)

   [ring of protection from fire]

   Dex:       It affects your dexterity (+4).
   rF:        It protects you from fire.
 K - a ring of resist corrosion
Wands
 c - a wand of paralysis (3)
 f - a wand of digging (2)
 p - a wand of flame (43)
 s - a wand of polymorph (34)
 v - a wand of iceblast (8)
 y - a wand of acid (9)
 O - a wand of charming (4)
Scrolls
 b - 5 scrolls of fog
 x - 10 scrolls of vulnerability
 B - 8 scrolls of identify
 F - 3 scrolls of immolation
 L - a scroll of teleportation
 M - 3 scrolls of magic mapping
Potions
 e - 7 potions of haste
 j - a potion of invisibility
 k - 3 potions of magic
 m - 6 potions of brilliance
 o - a potion of flight
 r - a potion of cancellation
 t - 2 potions of curing
 z - a potion of attraction
 G - 2 potions of ambrosia
 I - 2 potions of resistance
 N - 2 potions of heal wounds


   Skills:
 - Level 10.0 Fighting
 - Level 10.0 Armour
 - Level 10.0 Dodging
 - Level 5.4 Stealth
 - Level 10.0 Shields
 + Level 20.0 Unarmed Combat
 - Level 12.0 Invocations
 - Level 6.0 Evocations


You had 15 spell levels left.
You didn't know any spells.
Your spell library contained the following spells:

 Spells                   Type           Power      Damage    Failure   Level
 Animate Skeleton         Necr           0%         N/A       100%        1
 Magic Dart               Conj           0%         1d3       100%        1
 Pain                     Necr           0%         1d4       100%        1
 Sandblast                Erth           0%         2d4       100%        1
 Summon Small Mammal      Summ           0%         N/A       100%        1
 Blink                    Tloc           0%         N/A       100%        2
 Passwall                 Tmut/Erth      0%         N/A       100%        2
 Searing Ray              Conj           0%         2d4       100%        2
 Call Canine Familiar     Summ           0%         N/A       100%        3
 Gell's Gravitas          Tloc           0%         N/A       100%        3
 Lesser Beckoning         Tloc           0%         N/A       100%        3
 Stone Arrow              Conj/Erth      0%         3d7       100%        3
 Summon Guardian Golem    Hex/Summ       0%         N/A       100%        3
 Teleport Other           Tloc           0%         N/A       100%        3
 Tukima's Dance           Hex            0%         N/A       100%        3
 Vampiric Draining        Necr           0%         2d6       100%        3
 Airstrike                Air            0%         N/A       100%        4
 Animate Armour           Summ/Erth      0%         N/A       100%        4
 Fulminant Prism          Conj/Hex       0%         3d6       100%        4
 Passage of Golubria      Tloc           0%         N/A       100%        4
 Summon Lightning Spire   Summ/Air       0%         N/A       100%        4
 Agony                    Necr           0%         N/A       100%        5
 Excruciating Wounds      Necr           0%         N/A       100%        5
 Iskenderun's Battlesphe  Conj           0%         2d6       100%        5
 Lightning Bolt           Conj/Air       0%         1d11      100%        5
 Manifold Assault         Tloc           0%         N/A       100%        5
 Yara's Violent Unravell  Hex/Tmut       0%         3d3       100%        5
 Dispersal                Tloc           0%         N/A       100%        6
 Iron Shot                Conj/Erth      0%         9d1       100%        6
 Spellforged Servitor     Conj/Summ      0%         N/A       100%        7
 Lehudib's Crystal Spear  Conj/Erth      0%         10d2      100%        8
 Maxwell's Capacitive Co  Air            0%         ∞         100%        8
 Chain Lightning          Conj/Air       0%         N/A       100%        9
 Fire Storm               Conj/Fire      0%         5d1       100%        9
 Shatter                  Erth           0%         3d5*      100%        9
 Storm Form               Tmut/Air       Unusable   N/A       N/A         7

Dungeon Overview and Level Annotations

Branches:
Dungeon (15/15)            Temple (0/1) D:7            Lair (6/6) D:9
 Shoals (0/4) Lair:3       Spider (1/4) Lair:2        Slime (0/5) Lair:5
    Orc (2/2) D:10            Elf (0/3) Orc:2        Vaults (0/5) D:14
 Depths (0/4) D:15        Ossuary (visited)         Volcano (visited)
Gauntlet (visited)

Altars:
Fedhas
Kikubaaqudgha
Uskayaw
Vehumet
Wu Jian
Xom
Yredelemnul
The Shining One
Jiyva
Lugonu

Shops:
D:2 :[[*   Orc:1 (   Orc:2 *!(([


Innate Abilities, Weirdness & Mutations

You thrive by killing the living.
You are immune to poison.
You have sharp fingernails.
Your flesh is cold resistant. (rC+)
You are immune to negative energy. (rN+++)
You do not regenerate when monsters are visible.
You are immune to unholy pain and torment.


Message History

The tarantella is lightly wounded.
The helpless tarantella fails to defend itself.
You punch the tarantella!
The tarantella is moderately wounded.
The helpless tarantella fails to defend itself.
You squash the tarantella like an ant!!!
You kill the tarantella!
Lugonu accepts your kill. You block the pharaoh ant's attack.
Press: ? - help, v - describe, . - travel
Here: a pharaoh ant The floor.
Unknown command.
You block the pharaoh ant's attack.
You hit the pharaoh ant.
The pharaoh ant is lightly damaged.
You block the pharaoh ant's attack. The pharaoh ant bites you.
* * * LOW HITPOINT WARNING * * *
You pummel the pharaoh ant!!
The pharaoh ant is almost destroyed.
You block the pharaoh ant's attack.
You pummel the pharaoh ant!!
You destroy the pharaoh ant!
Lugonu accepts your kill.
The pharaoh ant binds the souls of nearby monsters.
Your Unarmed Combat skill increases to level 20!
You pummel the moth of wrath!!
The moth of wrath is severely wounded.
The moth of wrath closely misses you. The moth of wrath bites you!
* * * LOW HITPOINT WARNING * * *
You pummel the moth of wrath!!
You kill the moth of wrath!
Lugonu accepts your kill.
A freezing mist starts to gather...
A moth of wrath simulacrum comes into view.
The moth of wrath simulacrum bites you!
* * * LOW HITPOINT WARNING * * *
The moth of wrath simulacrum freezes you!
You resist.
You die...

..........#.......#.........##
......P#..##......P..........#
.......#.###..............#..#
........#.#...............#.##
...................P###...#.#
....................##......##
..................#####..!...#
....^............###..##....##
................@##...###....#
.....#..#....#..#Z...^..#...##
.....####...######.....##...#
....####....P# #......###..#
#...# #.....########.#####..#
#...# #.....###...#.#.#.#P..#
#...###.....##....y#.#.#....#
#...##......#>.^..#...#.....#
....###......#.....(...#....#


You could see a moth of wrath simulacrum.

Vanquished Creatures
  Jorgrun (Orc:1)
  Rupert (D:15)
  Gastronok (D:11)
  Nessos (D:15)
  Azrael (D:15)
  A minotaur (Gauntlet)
  A dire elephant (Lair:6)
  Snorg (Lair:5)
  Erolcha (D:11)
  Josephine (D:15)
  A great orb of eyes (D:15)
  An ice dragon (Lair:6)
  3 boulder beetles
  12 hydras
  An ogre mage (D:13)
  Fannar (Orc:1)
  4 vault guards (D:14)
  4 two-headed ogres
  A ghost crab (Gauntlet)
  Erica (D:9)
  5 centaur warriors
  4 catoblepae
  2 tengu warriors
  3 death yaks (Lair:6)
  A hell knight (Volcano)
  Sonja (Lair:3)
  10 skeletal warriors (D:15)
  A wretched star (Gauntlet)
  A pharaoh ant (Lair:2)
  A death drake (Gauntlet)
  2 orc knights (Orc:2)
  A lindwurm (Lair:6)
  3 deep elf pyromancers (D:14)
  3 orc sorcerers
  15 ugly things
  2 wolf spiders (Lair:3)
  An oklob plant (Orc:1)
  3 manticores
  8 cyclopes
  A cyclops (shapeshifter) (D:15)
  A spectral centaur (Gauntlet)
  A salamander (shapeshifter) (D:14)
  A moth of wrath (Lair:2)
  Maurice (D:11)
  19 elephants
  A smoke demon (Gauntlet)
  8 black mambas
  2 gargoyles
  6 torpor snails
  15 cane toads
  An unseen horror (D:13)
  Maggie (D:8)
  4 yaktaurs (Volcano)
  4 tengu conjurers
  9 komodo dragons
  A freezing wraith (D:13)
  5 rime drakes
  A red devil (Gauntlet)
  7 trolls
  A merfolk (Lair:6)
  2 tarantellas
  A polar bear (Lair:2)
  3 tyrant leeches (Lair:6)
  7 hornets (Lair:6)
  A wind drake (shapeshifter) (D:13)
  5 slime creatures
  22 blink frogs
  A snapping turtle (Lair:3)
  3 dream sheep (Lair:6)
  7 culicivoras
  A jumping spider (D:14)
  7 wraiths
  4 wyverns
  A steam dragon (D:4)
  Grum (D:8)
  78 yaks
  10 basilisks
  A fire elemental (D:15)
  2 neqoxecs (Gauntlet)
  2 redbacks (D:14)
  6 vampire mosquitoes
  A chaos spawn (Gauntlet)
  A warg (Orc:1)
  A floating eye (Lair:6)
  3 acid dragons
  14 water moccasins
  Duvessa (D:7)
  31 orc warriors
  4 hell hounds
  3 ice beasts
  3 sky beasts (D:7)
  18 centaurs
  19 ogres
  7 wolves
  A phantom (D:4)
  An elf zombie (Ossuary)
  A kobold brigand (D:10)
  9 bullfrogs
  A scorpion (Lair:1)
  A wyvern zombie (D:9)
  Dowan (D:7)
  A water moccasin skeleton (D:5)
  2 killer bees (D:9)
  6 wights
  An electric eel (Lair:6)
  4 crimson imps (Gauntlet)
  A bullfrog zombie (D:5)
  4 centaur zombies
  8 hounds
  A gnoll shaman (D:10)
  3 centaur skeletons
  A human zombie (Ossuary)
  3 jellies
  5 iguanas
  19 orc priests
  2 bullfrog skeletons (D:6)
  11 orc wizards
  A hound skeleton (D:4)
  5 mummies
  2 howler monkey zombies (D:7)
  Robin (D:3)
  5 gnolls (D:10)
  12 adders
  A howler monkey skeleton (D:6)
  A river rat (D:9)
  2 white imps
  An ufetubus (D:5)
  5 dart slugs
  47 orcs
  5 ball pythons
  7 endoplasms
  2 giant cockroaches
  5 goblins
  14 hobgoblins
  2 jackals (D:5)
  4 quokkas
  5 bats
  2 frilled lizards (D:2)
  2 gnoll zombies (Ossuary)
  A hobgoblin zombie (Ossuary)
  2 jackal zombies (Ossuary)
  12 kobolds
  2 kobold zombies (Ossuary)
  An orc zombie (Ossuary)
  A quokka skeleton (D:4)
  5 rats
  2 rat zombies (Ossuary)
711 creatures vanquished.

Vanquished Creatures (others)
  An orc wizard (D:12)
  A bush (Lair:6)
  58 fungi
  91 plants
151 creatures vanquished.

Grand Total: 862 creatures vanquished

Notes
Turn   | Place    | Note
-------+----------+-------------------------------------------
     0 | D:5      | SnakkuSnakku7 the Ghoul Delver began the quest for the Orb.
     0 | D:5      | Reached XP level 1. HP: 19/19 MP: 0/0
   152 | D:4      | Reached XP level 2. HP: 26/26 MP: 1/1
   233 | D:3      | Reached skill level 3 in Unarmed Combat
   233 | D:3      | Reached XP level 3. HP: 27/33 MP: 2/2
   294 | D:3      | Noticed Robin
   332 | D:3      | Killed Robin
   679 | D:2      | Found Ahalib's Antique Armour Boutique.
   815 | D:1      | Reached XP level 4. HP: 30/41 MP: 3/3
  1105 | D:1      | You fall into a shaft and drop 1 floor!
  1961 | D:2      | Found Suxao's Armour Boutique.
  2057 | D:2      | Reached skill level 4 in Unarmed Combat
  2100 | D:2      | Found Kyustodeni's Book Boutique.
  2203 | D:2      | Identified the +0 helmet of the Monk {rCorr}
  2241 | D:2      | Found Zemiuw's Assorted Antiques.
  2287 | D:2      | Bought a scroll labelled VEKLEGE ZIGOUTS for 17 gold pieces
  2287 | D:2      | Bought a viscous blue potion for 15 gold pieces
  2287 | D:2      | Bought a scroll labelled URU ADAMAOCULL for 17 gold pieces
  2287 | D:2      | Bought a wand of iceblast (9) for 68 gold pieces
  2439 | D:3      | Found a faded altar of an unknown god.
  2746 | D:3      | Reached XP level 5. HP: 47/47 MP: 4/4
  2772 | D:3      | Prayed at the altar of an unknown god.
  2772 | D:3      | Became a worshipper of Lugonu the Unformed
  2772 | D:3      | Reached * piety under Lugonu
  2772 | D:3      | Reached ** piety under Lugonu
  3039 | D:4      | Reached skill level 1 in Invocations
  3241 | D:4      | Noticed a phantom
  3253 | D:4      | Killed a phantom
  3254 | D:4      | Reached skill level 5 in Unarmed Combat
  3254 | D:4      | Reached XP level 6. HP: 26/55 MP: 6/6
  3366 | D:4      | Noticed a steam dragon
  3377 | D:4      | Killed a steam dragon
  3786 | D:5      | Reached XP level 7. HP: 60/60 MP: 8/8
  3885 | D:5      | Reached skill level 6 in Unarmed Combat
  4207 | D:5      | Reached skill level 5 in Invocations
  4279 | D:6      | Found a sand-covered staircase.
  4294 | Ossuary  | Entered an ossuary
  4332 | Ossuary  | Reached skill level 7 in Unarmed Combat
  4344 | Ossuary  | Reached XP level 8. HP: 32/67 MP: 9/11
  4351 | Ossuary  | Reached *** piety under Lugonu
  4842 | D:6      | Noticed a troll
  4857 | D:6      | Killed a troll
  4858 | D:6      | Reached skill level 8 in Unarmed Combat
  5620 | D:5      | HP: 1/67 [iguana (9)]
  6066 | D:6      | Reached skill level 9 in Unarmed Combat
  6066 | D:6      | Reached XP level 9. HP: 56/73 MP: 13/13
  6453 | D:6      | Found a blossoming altar of Fedhas.
  6574 | D:7      | Reached skill level 1 in Evocations
  6602 | D:7      | Noticed Duvessa
  6602 | D:7      | Noticed Dowan
  6617 | D:7      | Killed Dowan
  6622 | D:7      | Killed Duvessa
  6894 | D:7      | Found an ancient bone altar of Kikubaaqudgha.
  6916 | D:7      | Reached skill level 10 in Unarmed Combat
  6932 | D:7      | Reached **** piety under Lugonu
  7088 | D:7      | Found a staircase to the Ecumenical Temple.
  7922 | D:9      | Reached XP level 10. HP: 74/80 MP: 15/15
  7960 | D:9      | Reached skill level 11 in Unarmed Combat
  8130 | D:8      | Noticed Maggie
  8262 | D:8      | Killed Maggie
  8263 | D:8      | Reached skill level 5 in Evocations
  8658 | D:8      | Noticed Grum
  8667 | D:8      | Killed Grum
  9073 | D:2      | Bought a pair of embroidered boots for 165 gold pieces
  9118 | D:2      | Bought a +1 pair of gloves of dexterity for 165 gold pieces
  9382 | D:9      | Found a staircase to the Lair.
 10084 | D:9      | Reached skill level 12 in Unarmed Combat
 10291 | D:9      | Found a radiant altar of Vehumet.
 10307 | D:9      | Identified the +0 robe of Instinct {Will+ Str+3}
 10329 | D:9      | Noticed Erica
 10371 | D:9      | Killed Erica
 10372 | D:9      | Reached skill level 13 in Unarmed Combat
 10694 | D:9      | Reached skill level 1 in Shields
 10815 | D:9      | Reached XP level 11. HP: 71/85 MP: 16/16
 11135 | D:10     | Entered Level 10 of the Dungeon
 11221 | D:10     | Reached ***** piety under Lugonu
 11472 | D:10     | Found a staircase to the Orcish Mines.
 11539 | D:10     | Found a hide-covered altar of Uskayaw.
 11976 | D:9      | Found a shimmering altar of Xom.
 11976 | D:9      | Found a basalt altar of Yredelemnul.
 12048 | Lair:1   | Entered Level 1 of the Lair of Beasts
 12057 | Lair:1   | Reached skill level 14 in Unarmed Combat
 12193 | Lair:1   | Found a dark tunnel.
 12315 | Volcano  | Entered a volcano
 12354 | Volcano  | Noticed a centaur warrior
 12718 | Volcano  | Killed a centaur warrior
 12719 | Volcano  | Reached skill level 5 in Shields
 12906 | Volcano  | Found a bloodstained altar of Trog.
 12906 | Volcano  | Noticed a hell knight
 12917 | Volcano  | Killed a hell knight
 13094 | Lair:1   | Reached skill level 15 in Unarmed Combat
 13362 | Lair:1   | Reached XP level 12. HP: 73/93 MP: 17/17
 13780 | Lair:2   | Found a hole to the Spider Nest.
 15254 | Lair:3   | Reached skill level 10 in Shields
 15254 | Lair:3   | Reached skill level 5 in Fighting
 15263 | Lair:3   | Noticed Sonja
 15277 | Lair:3   | Killed Sonja
 15660 | Lair:3   | Noticed a six-headed hydra
 15666 | Lair:3   | Killed a six-headed hydra
 15683 | Lair:3   | Found a staircase to the Shoals.
 15755 | Lair:3   | Reached XP level 13. HP: 30/111 MP: 18/18
 16352 | Lair:4   | Reached skill level 10 in Fighting
 16352 | Lair:4   | Reached skill level 1 in Armour
 17045 | Lair:4   | Reached skill level 5 in Armour
 17148 | Lair:4   | Reached ****** piety under Lugonu
 17466 | Lair:4   | Identified the +0 scale mail of the Sun {Rampage rPois
                  | Int+2}
 17840 | Lair:5   | Found a viscous altar of Jiyva.
 17840 | Lair:5   | Found a staircase to the Slime Pits.
 17894 | Lair:5   | Noticed Snorg
 17965 | Lair:5   | Killed Snorg
 18581 | Lair:6   | Entered Level 6 of the Lair of Beasts
 18666 | Lair:6   | Reached XP level 14. HP: 80/121 MP: 19/19
 18728 | Lair:6   | Reached skill level 10 in Armour
 19302 | Lair:6   | Reached skill level 5 in Dodging
 20467 | Lair:6   | Noticed a dire elephant
 20525 | Lair:6   | Killed a dire elephant
 20898 | Lair:6   | Found a runed translucent door.
 21172 | Lair:6   | Reached XP level 15. HP: 93/126 MP: 20/20
 21242 | Lair:6   | Reached skill level 10 in Dodging
 21567 | D:11     | Noticed Erolcha
 21579 | D:11     | Killed Erolcha
 21662 | D:11     | Noticed Maurice
 21669 | D:11     | Paralysed by Maurice for 5 turns
 21681 | D:11     | Killed Maurice
 21743 | D:11     | Noticed Gastronok
 21761 | D:11     | Killed Gastronok
 22116 | D:11     | Reached skill level 10 in Invocations
 22136 | D:11     | Found an ornate altar of the Wu Jian Council.
 22291 | D:12     | Found a gate leading to a gauntlet.
 22298 | Gauntlet | Entered a Gauntlet
 22298 | Gauntlet | Found a transporter.
 22301 | Gauntlet | Found a transporter.
 22310 | Gauntlet | Found a transporter.
 22312 | Gauntlet | Found a transporter.
 22319 | Gauntlet | Found a transporter.
 22319 | Gauntlet | Found a transporter.
 22319 | Gauntlet | Found a transporter.
 22345 | Gauntlet | Found a transporter.
 22352 | Gauntlet | Found a transporter.
 22352 | Gauntlet | Found a transporter.
 22369 | Gauntlet | Identified the ring "Bucaas" {rF+ Dex+4}
 22400 | Gauntlet | Found a transporter.
 22415 | Gauntlet | Found a transporter.
 22416 | Gauntlet | Found a transporter.
 22421 | Gauntlet | Identified the +0 pair of boots "Paroteepao" {Will+}
 22425 | Gauntlet | Found a runed translucent door.
 22425 | Gauntlet | Found a runed translucent door.
 22429 | Gauntlet | Found a transporter.
 22495 | Gauntlet | Identified the +7 glaive "Caomoi" {flame, rF+ Will++}
 22495 | Gauntlet | Identified the +6 plate armour "Rayt" {rC+ rN+++ Str+3
                  | Dex+3}
 22505 | Gauntlet | HP: 5/126 [minotaur (14)]
 23679 | Orc:1    | Entered Level 1 of the Orcish Mines
 23713 | Orc:1    | Noticed Fannar
 23758 | Orc:1    | Killed Fannar
 23954 | Orc:1    | Noticed Jorgrun
 23991 | Orc:1    | Killed Jorgrun
 24258 | Orc:2    | Entered Level 2 of the Orcish Mines
 24552 | Orc:2    | Found a staircase to the Elven Halls.
 24658 | Orc:2    | Found Sugh's Antique Weapon Boutique.
 24658 | Orc:2    | Found Guproewi's Distillery.
 24660 | Orc:2    | Found Tullomm's Assorted Antiques.
 24662 | Orc:2    | Found Umaeb's Antique Weapon Shop.
 24666 | Orc:2    | Bought a scroll of teleportation for 78 gold pieces
 24666 | Orc:2    | Bought an emerald potion for 23 gold pieces
 24669 | Orc:2    | Bought a potion of heal wounds for 65 gold pieces
 24669 | Orc:2    | Bought a potion of curing for 39 gold pieces
 24669 | Orc:2    | Bought a potion of resistance for 130 gold pieces
 24669 | Orc:2    | Bought a potion of haste for 130 gold pieces
 24669 | Orc:2    | Bought a potion of curing for 39 gold pieces
 24669 | Orc:2    | Bought a potion of haste for 130 gold pieces
 24791 | Orc:2    | Found Raupp's Antique Armour Emporium.
 24955 | Orc:1    | Found Wetoatoh's Antique Weapon Shop.
 25159 | D:13     | Reached skill level 16 in Unarmed Combat
 25418 | D:13     | Reached XP level 16. HP: 93/134 MP: 24/24
 25774 | D:13     | Reached skill level 17 in Unarmed Combat
 26313 | D:14     | Found a gate to the Vaults.
 26616 | D:14     | Reached skill level 18 in Unarmed Combat
 27041 | D:15     | Entered Level 15 of the Dungeon
 27139 | D:15     | Noticed Rupert
 27195 | D:15     | Killed Rupert
 27293 | D:15     | Noticed Josephine
 27297 | D:15     | Killed Josephine
 27441 | D:15     | Found a staircase to the Depths.
 27666 | D:15     | Noticed Azrael
 27683 | D:15     | Reached skill level 19 in Unarmed Combat
 27697 | D:15     | Killed Azrael
 28484 | D:15     | Noticed Nessos
 28498 | D:15     | Killed Nessos
 29002 | Spider:1 | Entered Level 1 of the Spider Nest
 29055 | Lair:2   | Reached skill level 20 in Unarmed Combat
 29057 | Lair:2   | HP: 6/134 [moth of wrath simulacrum (9)]
 29057 | Lair:2   | Slain by a moth of wrath simulacrum

Illustrated notes

Levels and vault maps discovered:
D:1:      nagdon_arrival_zigzag_paths, layout_basic
D:2:      layout_loops_cross, basic_altar, serial_shops,
          nicolae_shop_window_shopping, shop_statue, nicolae_shop_behind_doors,
          nicolae_shop_stone
D:3:      layout_loops_ring, shapermc_ecumenical_altar_notcrosses, uniq_robin
D:4:      layout_cave_pods, minmay_misc_feat_square, nrook_loot_triangle
D:5:      layout_basic, serial_glass, glass_columns_a, glass_columns_b,
          glass_columns_a, glass_columns_a, glass_columns_a, glass_columns_a,
          glass_columns_c, glass_columns_b
D:6:      layout_rooms, nicolae_overflow_crystal_walls,
          gup_ossuary_entry_pyramid
D:7:      layout_loops_ring, kiku_gazebo_pond_becter, minmay_temple_entry_trees,
          serial_park_tiny_pond, uniq_duvessa
D:8:      layout_loops_ring, uniq_maggie, uniq_grum
D:9:      layout_loops_cross, nicolae_overflow_hidden_temple, erik_lair_island,
          uniq_erica
D:10:     layout_loops_cross, lemuel_tele_altar, orc_0_dummy
D:11:     layout_roguey, nicolae_wu_jian_glorious_leap, uniq_maurice,
          uniq_erolcha, uniq_gastronok
D:12:     layout_stronghold, gauntlet_entry_generic
D:13:     kennysheep_room_grid, layout_rooms, drop_trap
D:14:     layout_basic, lightli_vaults_fourway_checkpoint,
          hangedman_decor_peaks_small
D:15:     gammafunk_enter_depths_forms, layout_basic, serial_curves,
          eino_curves_02, eino_curves_03, nicolae_figureground_sparkle,
          uniq_azrael, uniq_josephine, uniq_nessos, uniq_rupert
Lair:1:   layout_gridlike, enter_volcano_1, infiniplex_staircase_pool,
          lemuel_fruit_tree
Lair:2:   layout_regular_city, hellmonk_spider_entry_life_and_decay
Lair:3:   minmay_lair_venomous_thicket, layout_loops_ring,
          minmay_shoals_entry_hut, beast_lair_carwin_3, uniq_sonja
Lair:4:   layout_gridlike, patterned_corridor, grunt_megastairs_4
Lair:5:   layout_regular_city, slime_altar_1, uniq_snorg
Lair:6:   hangedman_lair_in_review, layout_gridlike, wormcave,
          guppyfry_lair_drakes
Spider:1: layout_spider_delve, nicolae_spider_circle_web, uniq_asterion
Orc:1:    lemuel_ogre_cave, layout_diamond_mine, serial_shops,
          nicolae_shop_window_shopping, mines3_lemuel, uniq_jorgrun, uniq_fannar
Orc:2:    st_orc_rangers, layout_caves, serial_shops, shop

Skill      XL: |  1  2  3  4  5  6  7  8  9 10 11 12 13 14 15 16 |
---------------+-------------------------------------------------+-----
Unarmed Combat | 3 4 5 7 9 10 13 15 16 20 | 20.0
Fighting       | 4 9 10 | 10.0
Invocations    | 2 3 5 7 8 12 | 12.0
Evocations     | 4 6 |  6.0
Shields        | 1 7 10 | 10.0
Armour         | 9 10 | 10.0
Dodging        | 9 10 | 10.0
Stealth        | |  5.4

Action                   |  1- 3 |  4- 6 |  7- 9 | 10-12 | 13-15 | 16-18 || total
-------------------------+-------+-------+-------+-------+-------+-------++-------
Melee: Unarmed           |    97 |   138 |   397 |   578 |  1300 |   446 ||  2956
       Punch             |     5 |     4 |    23 |    35 |       |       ||    67
Throw: Dart              |       |       |    16 |       |     2 |       ||    18
Evoke: Wand              |       |     3 |     7 |    14 |    15 |     6 ||    45
  Use: Scroll            |       |       |    13 |    14 |    11 |     3 ||    41
       Potion            |       |       |       |     7 |    10 |     4 ||    21
 Stab: Sleeping          |     1 |     9 |       |       |       |       ||    10
       Paralysed         |       |       |       |       |       |     3 ||     3
Armor: Leather armour    |     2 |       |       |       |       |       ||     2
       Ring mail         |    19 |    28 |       |       |       |       ||    47
       Chain mail        |       |    57 |    91 |       |       |       ||   148
       Plate armour      |       |       |   128 |   277 |   584 |   228 ||  1217
Dodge: Dodged            |    45 |    54 |   125 |   112 |   247 |   138 ||   721
Block: Kite shield       |       |       |       |   118 |   903 |   175 ||  1196
       Reflection        |       |       |       |     1 |    60 |       ||    61
       Tower shield      |       |       |       |       |       |    55 ||    55
